 Dungeon Crawl Stone Soup version 0.28.0-53-g5a82cb258f (webtiles) character file.

Game seed: 5087356769343344771

83 Holzbalken the Chopper (level 4, -7/33 HPs)
             Began as a Demonspawn Gladiator on May 26, 2022.
             Mangled by a hobgoblin
             ... wielding the +12 hand axe "Weklaza" {flame, *Corrode Fly rC+ Int+3}
              (10 damage)
             ... on level 2 of the Dungeon.
             The game lasted 00:05:21 (1743 turns).

Holzbalken the Chopper (Demonspawn Gladiator)       Turns: 1743, Time: 00:05:22

Health: -7/33      AC:  9    Str: 16    XL:     4   Next: 22%
Magic:  4/4        EV: 12    Int: 11    God:
Gold:   89         SH:  0    Dex: 15    Spells: 3/3 levels left

rFire   . . .      SeeInvis .   a - +0 war axe
rCold   + . .      Faith    .   (no shield)
rNeg    . . .      Spirit   .   b - +0 leather armour
rPois   .          Reflect  .   f - +2 helmet of Yveutogh {+Inv rC+ Int+2 Slay+3}
rElec   .          Harm     .   (no cloak)
rCorr   .          Rampage  .   g - +2 pair of gloves
Will    .....                   (no boots)
Stlth   +.........              (no amulet)
HPRegen 0.11/turn               (no ring)
MPRegen 0.09/turn               (no ring)

@: no status effects
A: hooves 1, demonic magic 1
a: Evoke Invisibility


You were on level 2 of the Dungeon.
You visited 1 branch of the dungeon, and saw 3 of its levels.

You collected 89 gold pieces.

Inventory:

Hand Weapons
 a - a +0 war axe (weapon)
Missiles
 d - 3 throwing nets (quivered)
Armour
 b - a +0 leather armour (worn)
 c - a +0 helmet
 f - the +2 helmet of Yveutogh (worn) {+Inv rC+ Int+2 Slay+3}
   (You took it off Robin on level 2 of the Dungeon)

   Int:       It affects your intelligence (+2).
   Slay:      It affects your accuracy & damage with ranged weapons and melee
   (+3).
   rC:        It protects you from cold.
   +Inv:      It lets you turn invisible.
 g - a +2 pair of gloves (worn)
Scrolls
 j - a scroll of vulnerability {unknown}
Potions
 e - a potion of curing {unknown}


   Skills:
 - Level 2.0 Fighting
 + Level 4.6 Axes
 - Level 1.7 Throwing
 - Level 2.6 Dodging


You had 3 spell levels left.
You didn't know any spells.
Your spell library contained the following spells:

 Spells                   Type           Power      Damage    Failure   Level
 Ensorcelled Hibernation  Hex/Ice        0%         N/A       54%         2
 Spider Form              Tmut/Pois      0%         N/A       78%         3
 Anguish                  Hex/Necr       0%         N/A       99%         4


Dungeon Overview and Level Annotations

Branches:
Dungeon (3/15)

Altars:
Okawaru

Shops:
D:3 (


Innate Abilities, Weirdness & Mutations

You have large cloven feet.
Spells you cast may paralyse adjacent enemies.


Message History

You kill the jackal!
The jackal bites you but does no damage.
The jackal closely misses you.
You slash the jackal!
You kill the jackal!
An endoplasm comes into view.
The endoplasm quivers.
You see here a jackal corpse.
An endoplasm is nearby!
A worm comes into view.
You slash the endoplasm!
You kill the endoplasm!
A bat comes into view.
Found an iron altar of Okawaru.
Found a stone staircase leading up.
The bat hits you but does no damage.
You slash the worm! You kick the worm, but do no damage.
The worm is heavily wounded.
You closely miss the bat. The bat hits you but does no damage.
The worm barely misses you.
You slash the worm!
The worm is almost dead.
You slash the bat!
You kill the bat!
The worm misses you.
You barely miss the worm.
The worm is almost dead.
The worm barely misses you.
You slash the worm!
You kill the worm!
A hobgoblin comes into view.
It is wielding the +12 hand axe "Weklaza" {flame, *Corrode Fly rC+ Int+3}.
The hobgoblin hits you with the +12 hand axe "Weklaza" {flame, *Corrode Fly rC+ Int+3}.
The hobgoblin burns you.
You closely miss the hobgoblin.
The hobgoblin hits you with the +12 hand axe "Weklaza" {flame, *Corrode Fly rC+ Int+3}!
* * * LOW HITPOINT WARNING * * *
The hobgoblin burns you!
* * * LOW HITPOINT WARNING * * *
You barely miss the hobgoblin. The hobgoblin closely misses you.
The hobgoblin hits you with the +12 hand axe "Weklaza" {flame, *Corrode Fly rC+ Int+3}!
You die...

#..###..## # ...
..........# ##.# ....
##......††# ####.#.#
.....
#...####†####......###
......
..#..................+
...... #
#....###.####......###
...... ## #.
#.#.........# ..... .#
#.#.........# ..## .#
..#.<..@....# . '#
######..g..## .##
...._...# .8#
#.#.......# .## #
##......# .## ##.##..#
.8# #.. ... .## ###
#.## .##


You could see a hobgoblin.

Vanquished Creatures
  Robin (D:2)
  An adder (D:2)
  2 worms (D:2)
  2 dart slugs
  5 ball pythons
  5 bats
  3 endoplasms
  A giant cockroach (D:1)
  3 hobgoblins
  11 jackals
  A frilled lizard (D:1)
  8 goblins
  4 kobolds
  2 rats (D:1)
49 creatures vanquished.

Notes
Turn   | Place    | Note
-------+----------+-------------------------------------------
     0 | D:1      | Holzbalken the Demonspawn Gladiator began the quest for the
                  | Orb.
     0 | D:1      | Reached XP level 1. HP: 16/16 MP: 1/1
    68 | D:1      | Reached skill level 3 in Axes
   168 | D:1      | Gained mutation: Spells you cast may paralyse adjacent
                  | enemies. [demonic ancestry]
   168 | D:1      | Reached XP level 2. HP: 9/22 MP: 2/2
   436 | D:1      | Found a faded altar of an unknown god.
   972 | D:1      | Reached XP level 3. HP: 27/27 MP: 3/3
  1079 | D:2      | You fall into a shaft and drop 1 floor!
  1087 | D:3      | Found Oskamag's Weapon Emporium.
  1102 | D:2      | Identified the +2 helmet of Yveutogh {+Inv rC+ Int+2
                  | Slay+3}
  1102 | D:2      | Noticed Robin
  1118 | D:2      | HP: 1/40 [adder (3)]
  1125 | D:2      | Reached skill level 4 in Axes
  1138 | D:2      | Killed Robin
  1590 | D:2      | Gained mutation: You have large cloven feet. [demonic
                  | ancestry]
  1590 | D:2      | Reached XP level 4. HP: 26/33 MP: 4/4
  1726 | D:2      | Found an iron altar of Okawaru.
  1737 | D:2      | Identified the +12 hand axe "Weklaza" {flame, *Corrode Fly
                  | rC+ Int+3}
  1743 | D:2      | Mangled by a hobgoblin

Illustrated notes

Levels and vault maps discovered:
D:1:      saegor_arrival_simple_e, layout_basic,
          dreamdust_ecumenical_altar_statues,
          wander_ebering_terrifying_dragon_lair
D:2:      layout_loops_corners, basic_altar, roderic_serpentine_path,
          st_stairs_14, dk_noncrumbling_2, uniq_terence, uniq_robin
D:3:      layout_basic, slow_altar_2, serial_shops, shop,
          nicolae_shop_advertising_works [nicolae_subvault_shop_adworks],
          nicolae_lakefront_shop, nicolae_diamond_shop

Skill      XL: |  1  2  3 |
---------------+----------+-----
Axes           | 3 4 |  4.6
Fighting       | |  2.0
Throwing       | |  1.7
Dodging        | |  2.6

Action                   |  1- 3 |  4- 6 || total
-------------------------+-------+-------++-------
Melee: War axe           |    92 |    16 ||   108
       Punch             |     1 |       ||     1
       Kick              |       |     5 ||     5
  Use: Potion            |     5 |       ||     5
       Scroll            |     1 |       ||     1
 Stab: Sleeping          |     1 |       ||     1
Armor: Leather armour    |    42 |     4 ||    46
       Skin              |    36 |       ||    36
Dodge: Dodged            |    90 |    16 ||   106
